[Event "XIII Figueira da Foz Open 2019"]
[Site "Figueira da Foz"]
[Date "2019.11.02"]
[Round "8.4"]
[White "Spraggett, Kevin"]
[Black "Barski, Radoslaw"]
[Result "1/2-1/2"]
[ECO "C96"]
[WhiteElo "2513"]
[BlackElo "2437"]
[Annotator "RC"]
[PlyCount "112"]
[EventDate "2019.10.27"]
[EventType "swiss"]
[EventCountry "POR"]
[SourceTitle "playchess.com"]
[Source "ChessBase"]
[SourceQuality "1"]
[TimeControl "40/5400+30:1800+30"]

1. e4 e5 2. Nf3 Nc6 3. Bb5 a6 4. Ba4 Nf6 5. O-O Be7 6. Re1 b5 7. Bb3 O-O 8. c3 d6 9. h3 Na5 10. Bc2 d5 11. d4 dxe4 12. Nxe5 Bb7 13. Nd2 c5 14. Nxe4 cxd4 15. cxd4 Nxe4 16. Bxe4 Bxe4 17. Rxe4 Qd5 18. Re2 Rad8 19. Nf3 Bd6 20. b3 Nc6 21. Bb2 Ne7 22. Qd3 Qh5 23. Rae1 Nd5 24. Bc1 f6 25. Bd2 Qg6 26. Qxg6 hxg6 27. g3 Kf7 28. Ba5 Rc8 29. Nd2 Rc6 30. Ne4 Ba3 31. h4 Rfc8 32. Kf1 Bf8 33. Bd2 b4 34. Ra1 Rc2 35. Ke1 Be7 36. Kd1 f5 37. Ng5+ Bxg5 38. hxg5 Rb2 39. Be1 Rxe2 40. Kxe2 Rc2+ 41. Kd1 Rc6 42. Rc1 Rxc1+ 43. Kxc1 Ke6 44. Kc2 Kd6 45. Kd3 Kc6 46. Kc4 a5 47. Bd2 Nb6+ 48. Kd3 Nd5 49. Bf4 Nc3 50. a3 Kd5 51. axb4 axb4 52. f3 Nb5 53. Be5 Na7 54. Bxg7 Nc6 55. Be5 Na5 56. Kc2 Nc6 1/2-1/2

[Event "XIII Figueira da Foz Open 2019"]
[Site "Figueira da Foz"]
[Date "2019.11.02"]
[Round "8.8"]
[White "Medarde Santiago, Luis Marcos"]
[Black "Roettgen, Juergen"]
[Result "1-0"]
[ECO "B47"]
[WhiteElo "2285"]
[BlackElo "2157"]
[Annotator "RC"]
[PlyCount "113"]
[EventDate "2019.10.27"]
[EventType "swiss"]
[EventCountry "POR"]
[SourceTitle "playchess.com"]
[Source "ChessBase"]
[SourceQuality "1"]
[TimeControl "40/5400+30:1800+30"]

1. e4 c5 2. Nf3 e6 3. d4 cxd4 4. Nxd4 Nc6 5. Nc3 Qc7 6. g3 a6 7. Bg2 d6 8. O-O Bd7 9. Re1 Be7 10. Nxc6 bxc6 11. b3 Nf6 12. e5 dxe5 13. Bb2 O-O 14. Na4 Rad8 15. Bxe5 Qa7 16. Qd2 c5 17. Qa5 Bxa4 18. Qxa4 Nd7 19. Bc3 Bf6 20. Bxf6 Nxf6 21. Qa5 Rd6 22. Rad1 Qb6 23. Qxb6 Rxb6 24. Re5 c4 25. Rc5 cxb3 26. axb3 g6 27. h3 h5 28. Rd4 Rb5 29. Rdc4 Rxc5 30. Rxc5 Rd8 31. Kf1 Rd6 32. Ke2 Nd5 33. Bxd5 exd5 34. Kd3 Kf8 35. Kd4 Rf6 36. Ke3 Re6+ 37. Kd3 Rf6 38. f4 h4 39. Ke3 hxg3 40. Rxd5 g2 41. Rg5 Rc6 42. Rxg2 Rc3+ 43. Kd4 Rxh3 44. Kc5 Rf3 45. Kb6 Rxf4 46. Kxa6 Rf6+ 47. Kb7 Re6 48. c4 f5 49. c5 Re3 50. Rxg6 Kf7 51. Rb6 f4 52. Rb4 f3 53. c6 Kg6 54. c7 f2 55. c8=Q Re7+ 56. Kc6 f1=Q 57. Qg4+ 1-0

[Event "XIII Figueira da Foz Open 2019"]
[Site "Figueira da Foz"]
[Date "2019.11.02"]
[Round "8.13"]
[White "Gama, Joao Goncalo Cerejei"]
[Black "Adams, Philip"]
[Result "0-1"]
[ECO "B03"]
[WhiteElo "1712"]
[BlackElo "1993"]
[Annotator "NA RC"]
[PlyCount "98"]
[EventDate "2019.10.27"]
[EventType "swiss"]
[EventCountry "POR"]
[SourceTitle "playchess.com"]
[Source "ChessBase"]
[SourceQuality "1"]
[TimeControl "40/5400+30:1800+30"]

1. e4 Nf6 2. e5 Nd5 3. d4 d6 4. exd6 cxd6 5. c4 Nb6 6. Nc3 g6 7. Bd3 Bg7 8. Nge2 O-O 9. O-O Nc6 10. c5 dxc5 11. dxc5 Nd7 12. Be3 Nce5 13. Rc1 Ng4 14. Nd5 e6 15. Ndf4 Nxe3 16. fxe3 Bxb2 17. Rb1 Bg7 18. Qc2 Ne5 19. h3 Qc7 20. Nd4 Nxd3 21. Nxd3 a6 22. Rbc1 e5 23. Nb3 a5 24. Nd2 Bd7 25. Ne4 Bc6 26. Nf6+ (26. Qf2 $2 ) (26. Nd6 $17) 26... Kh8 $17 27. Qf2 Bb5 28. Qh4 h6 29. Qe4 Qd8 30. Rcd1 Bxf6 31. Nf4 Qe8 32. Nd5 Bg7 33. Nc7 Qc6 34. Qxc6 bxc6 35. Nxa8 Bxf1 36. Rxf1 Rxa8 37. Rxf7 Bf8 38. Rc7 Bxc5 39. Rxc6 Bxe3+ 40. Kf1 Kg7 41. Ke2 Bd4 42. Kd3 a4 43. Kc4 a3 44. Kd5 Rf8 45. Ra6 Bb2 46. g4 g5 47. Ra7+ Rf7 48. Rxf7+ Kxf7 49. Ke4 Ke6 {Kd4} 0-1

[Event "XIII Figueira da Foz Open 2019"]
[Site "Figueira da Foz"]
[Date "2019.11.02"]
[Round "8.15"]
[White "Pintor, Simao Maciel Abranch"]
[Black "Dong, Fabio"]
[Result "1-0"]
[ECO "A06"]
[WhiteElo "2137"]
[BlackElo "1410"]
[Annotator "RC"]
[PlyCount "71"]
[EventDate "2019.10.27"]
[EventType "swiss"]
[EventCountry "POR"]
[SourceTitle "playchess.com"]
[Source "ChessBase"]
[SourceQuality "1"]
[TimeControl "40/5400+30:1800+30"]

1. Nf3 d5 2. g3 Nf6 3. Bg2 Bf5 4. b3 e6 5. Bb2 Be7 6. O-O O-O 7. d3 c6 8. Nbd2 h6 9. Qe1 Nbd7 10. e4 dxe4 11. dxe4 Bh7 12. Qe2 Qc7 13. e5 Nd5 14. Ne4 Nc5 15. Nfd2 Nxe4 16. Nxe4 Rfd8 17. Rad1 Bxe4 18. Bxe4 a5 19. c4 Nb6 20. h4 a4 21. Bb1 Rxd1 22. Rxd1 Rd8 23. h5 Rxd1+ 24. Qxd1 Qd8 25. Qc2 f5 26. exf6 Bxf6 27. Ba3 Be7 28. Qh7+ Kf8 29. Bxe7+ Qxe7 30. Bg6 Qf6 31. Qh8+ Ke7 32. c5 Qa1+ 33. Kg2 Nd5 34. Qe8+ Kf6 35. Qf7+ Kg5 36. f4+ 1-0

[Event "XIII Figueira da Foz Open 2019"]
[Site "Figueira da Foz"]
[Date "2019.11.02"]
[Round "8.17"]
[White "Correia, Pedro Mourao Soares"]
[Black "Barrento, Jorge Maria Lopes"]
[Result "0-1"]
[ECO "C40"]
[WhiteElo "1529"]
[BlackElo "1739"]
[Annotator "NA RC"]
[PlyCount "114"]
[EventDate "2019.10.27"]
[EventType "swiss"]
[EventCountry "POR"]
[SourceTitle "playchess.com"]
[Source "ChessBase"]
[SourceQuality "1"]
[TimeControl "40/5400+30:1800+30"]

1. e4 e5 2. Nf3 Qe7 3. Bc4 d6 4. d3 h6 5. Nc3 c6 6. a4 Be6 7. b3 Nf6 8. Qe2 g6 9. Ba3 Bg7 10. O-O Nh5 11. Qd2 O-O 12. Bxe6 Qxe6 13. Ne2 Na6 14. Rad1 Rad8 15. Qe3 c5 16. c4 f5 17. exf5 gxf5 18. d4 e4 19. g3 f4 20. Nxf4 Nxf4 21. gxf4 Qg4+ 22. Kh1 Qxf3+ 23. Qxf3 exf3 24. Rg1 Kh8 25. Rg3 Bxd4 26. Bc1 Rde8 27. f5 Rxf5 28. Rdg1 Bxf2 29. Bb2+ Bd4 30. Rg6 Rh5 31. Bxd4+ cxd4 32. Rxd6 f2 33. Rf1 Re1 34. Kg2 Rxh2+ 35. Kxh2 Rxf1 36. Kg2 Rb1 37. Kxf2 Rxb3 38. Rxd4 Nc5 39. a5 Ra3 40. Rd5 Rxa5 41. Ke3 Kg7 42. Kf3 b6 43. Kg4 Ra4 44. Kh5 Rxc4 45. Rd6 Rc1 46. Rc6 Rh1+ 47. Kg4 h5+ 48. Kf5 Rd1 49. Rc8 Rd7 50. Rc6 Rd5+ 51. Kf4 h4 52. Kg4 Rd4+ 53. Kh3 Kf7 54. Rh6 Ne6 55. Rh7+ Ng7 56. Rh6 Rd3+ 57. Kg4 h3 0-1

[Event "XIII Figueira da Foz Open 2019"]
[Site "Figueira da Foz"]
[Date "2019.11.02"]
[Round "8.18"]
[White "Barros Gutierrez, Angel Luis"]
[Black "Fonseca, Rene Gil Bakker"]
[Result "1-0"]
[ECO "C00"]
[WhiteElo "2038"]
[BlackElo "1338"]
[Annotator "NA RC"]
[PlyCount "77"]
[EventDate "2019.10.27"]
[EventType "swiss"]
[EventCountry "POR"]
[SourceTitle "playchess.com"]
[Source "ChessBase"]
[SourceQuality "1"]
[TimeControl "40/5400+30:1800+30"]

1. e4 e6 2. Nf3 d5 3. exd5 exd5 4. c3 Bd6 5. d4 Ne7 6. Bd3 Bf5 7. Bxf5 {[%emt 0:02:01] C01: French: Exchange Variation} Nxf5 8. Qb3 Qe7+ 9. Kf1 $146 ({Predecessor:} 9. Kd1 O-O 10. Qxb7 Nd7 11. Qxd5 Qf6 12. Bg5 Qg6 13. g4 Ne7 14. Bxe7 Qd3+ {1-0 (28) Hadden,I (1598)-Caffaratti,P (1039) IECG email 1999}) 9... c6 10. Bg5 f6 11. Nbd2 O-O 12. Re1 Qc7 13. Be3 Nd7 14. c4 Qb6 15. Qc2 Nxe3+ 16. fxe3 Qa5 17. Qf5 Rad8 18. Qe6+ Kh8 19. Qxd6 Nb6 20. Qg3 dxc4 21. Kf2 c3 22. bxc3 Qxc3 23. Rc1 Qa3 24. Rhf1 Nd5 25. Nc4 Qxa2+ 26. Kg1 Rfe8 27. Rf2 Qb3 28. Rb2 Qd3 29. Rxb7 g5 30. Nxg5 fxg5 31. Qxg5 Qg6 32. Qxg6 hxg6 33. Ne5 Kg8 $18 34. Rxc6 Ne7 35. Re6 Rc8 36. Rexe7 Rc1+ 37. Kf2 Rf8+ 38. Kg3 Rc3 39. Rg7+ 1-0

[Event "XIII Figueira da Foz Open 2019"]
[Site "Figueira da Foz"]
[Date "2019.11.03"]
[Round "9.9"]
[White "Rey Malde, Henrique"]
[Black "Fernandes, Miguel A. Murtinho"]
[Result "1/2-1/2"]
[ECO "B12"]
[WhiteElo "2209"]
[BlackElo "2115"]
[Annotator "ChessBase"]
[PlyCount "85"]
[EventDate "2019.10.27"]
[EventType "swiss"]
[EventCountry "POR"]
[SourceTitle "playchess.com"]
[Source "ChessBase"]
[SourceQuality "1"]
[TimeControl "40/5400+30:1800+30"]

1. e4 c6 2. d4 d5 3. e5 Bf5 4. h4 h5 5. Bd3 Bxd3 6. Qxd3 e6 7. Bg5 Qb6 8. Nd2 Nd7 9. Ngf3 Ne7 10. O-O O-O-O 11. a4 Qc7 12. g3 Kb8 13. b4 Rc8 14. Rfb1 Nf5 15. Bf4 Be7 16. c3 Nf8 17. Nb3 Ng6 18. Qd2 Qd8 19. Nc5 Nxf4 20. Qxf4 g5 21. Nxg5 Bxg5 22. Qxg5 Qxg5 23. hxg5 Rcg8 24. b5 b6 25. bxc6 Kc7 26. Nd3 a5 27. Ra2 Rxg5 28. Rab2 Rb8 29. Kf1 h4 30. gxh4 Nxh4 31. Rb5 Rgg8 32. Ke2 Nf5 33. Rh1 Kxc6 34. Rh7 Rg7 35. Rxg7 Nxg7 36. Nf4 Ne8 37. Kd3 Nc7 38. Rb1 b5 39. axb5+ Nxb5 40. Ra1 Kb6 41. Ne2 Rc8 42. Ra4 Na7 43. c4 1/2-1/2

[Event "XIII Figueira da Foz Open 2019"]
[Site "Figueira da Foz"]
[Date "2019.11.03"]
[Round "9.10"]
[White "Roettgen, Juergen"]
[Black "Lisowski, Krzysztof"]
[Result "0-1"]
[ECO "A06"]
[WhiteElo "2157"]
[BlackElo "2179"]
[Annotator "ChessBase"]
[PlyCount "72"]
[EventDate "2019.10.27"]
[EventType "swiss"]
[EventCountry "POR"]
[SourceTitle "playchess.com"]
[Source "ChessBase"]
[SourceQuality "1"]
[TimeControl "40/5400+30:1800+30"]

1. Nf3 Nf6 2. c4 e6 3. e3 d5 4. b3 c5 5. Bb2 Nc6 6. cxd5 exd5 7. Bb5 Bd7 8. O-O Bd6 9. Bxc6 Bxc6 10. d4 O-O 11. Nbd2 b6 12. Rc1 Rc8 13. Ne5 Bb5 14. Re1 Qe7 15. f4 cxd4 16. exd4 Ne4 17. Nxe4 dxe4 18. d5 f6 19. Rxc8 Rxc8 20. Nc6 Bxc6 21. dxc6 Qe6 22. Qc2 Rxc6 23. Qxe4 Qxe4 24. Rxe4 Rc2 25. Bd4 Rxa2 26. f5 Rd2 27. Be3 Rd3 28. Rd4 Rxd4 29. Bxd4 Bc5 30. Bxc5 bxc5 31. Kf2 Kf7 32. Ke3 Ke7 33. Kd3 Kd6 34. Kc4 Kc6 35. g4 a6 36. h3 Kd6 0-1

[Event "XIII Figueira da Foz Open 2019"]
[Site "Figueira da Foz"]
[Date "2019.11.03"]
[Round "9.11"]
[White "Adams, Philip"]
[Black "Pintor, Simao Maciel Abranch"]
[Result "1-0"]
[ECO "A08"]
[WhiteElo "1993"]
[BlackElo "2137"]
[Annotator "ChessBase"]
[PlyCount "100"]
[EventDate "2019.10.27"]
[EventType "swiss"]
[EventCountry "POR"]
[SourceTitle "playchess.com"]
[Source "ChessBase"]
[SourceQuality "1"]
[TimeControl "40/5400+30:1800+30"]

1. Nf3 d5 2. g3 c5 3. Bg2 Nc6 4. d4 e6 5. O-O Nf6 6. c4 Be7 7. dxc5 Bxc5 8. a3 a5 9. cxd5 exd5 10. Qc2 Bb6 11. Nc3 O-O 12. Bg5 Be6 13. Rad1 Rc8 14. Qa4 h6 15. Bxf6 Qxf6 16. Nxd5 Bxd5 17. Rxd5 Rfe8 18. e3 Rcd8 19. Rxd8 Rxd8 20. Qb5 Ne7 21. Qe5 Qxe5 22. Nxe5 Bc7 23. Nf3 Nc6 24. Rc1 Rd3 25. Kf1 Rb3 26. Rc2 Bd8 27. Nd2 Rb5 28. Bxc6 bxc6 29. b3 Be7 30. a4 Rd5 31. Ke2 Bb4 32. Nc4 Kf8 33. Rc1 Ke7 34. Rd1 Ke6 35. Rd3 g5 36. e4 Rxd3 37. Kxd3 h5 38. h3 f5 39. exf5+ Kxf5 40. Ne3+ Ke5 41. Ng2 Bc5 42. f4+ gxf4 43. Nxf4 h4 44. Ng6+ Kf6 45. Nxh4 Bf2 46. Nf3 Bxg3 47. Nd4 Be1 48. Nxc6 Ke6 49. Kc4 Kd6 50. Kb5 Kd5 1-0

[Event "XIII Figueira da Foz Open 2019"]
[Site "Figueira da Foz"]
[Date "2019.11.03"]
[Round "9.12"]
[White "Guerreiro, Nuno"]
[Black "Morais, Mario Martins Freita"]
[Result "1-0"]
[ECO "A06"]
[WhiteElo "2069"]
[BlackElo "1742"]
[Annotator "NA"]
[PlyCount "87"]
[EventDate "2019.10.27"]
[EventType "swiss"]
[EventCountry "POR"]
[SourceTitle "playchess.com"]
[Source "ChessBase"]
[SourceQuality "1"]
[TimeControl "40/5400+30:1800+30"]

1. Nf3 d5 2. c4 c6 3. Qc2 Nf6 4. g3 g6 5. Bg2 Bg7 6. O-O O-O 7. d3 Re8 8. e4 e5 9. Nc3 d4 10. Nb1 Nh5 11. Qe2 Na6 12. Ne1 f5 13. exf5 e4 14. fxg6 hxg6 15. dxe4 Nc5 16. Nd3 Qe7 17. Nxc5 Qxc5 18. Nd2 Be6 19. Qd3 Nf6 20. a4 Qh5 21. Re1 Kf7 22. Nf3 Ng4 23. h4 Bf6 24. Bg5 Ne5 25. Nxe5+ Bxe5 26. f4 Bg7 27. c5 Rad8 28. a5 Rd7 29. f5 gxf5 30. exf5 Bd5 31. Rxe8 Kxe8 32. Bxd5 Rxd5 33. f6 Bf8 34. a6 bxa6 35. b4 Rxg5 36. hxg5 Qxg5 37. Rf1 Qe5 38. Rf4 Qe1+ 39. Kg2 Qa1 40. f7+ Kd7 41. Rxd4+ Ke7 42. Rf4 Qa2+ 43. Rf2 Qd5+ 44. Qxd5 1-0

[Event "XIII Figueira da Foz Open 2019"]
[Site "Figueira da Foz"]
[Date "2019.11.03"]
[Round "9.14"]
[White "Puglia, Francesco"]
[Black "Gama, Joao Goncalo Cerejei"]
[Result "0-1"]
[ECO "C52"]
[WhiteElo "1916"]
[BlackElo "1712"]
[Annotator "NA"]
[PlyCount "122"]
[EventDate "2019.10.27"]
[EventType "swiss"]
[EventCountry "POR"]
[SourceTitle "playchess.com"]
[Source "ChessBase"]
[SourceQuality "1"]
[TimeControl "40/5400+30:1800+30"]

1. e4 e5 2. Nf3 Nc6 3. Bc4 Bc5 4. b4 Bxb4 5. c3 Ba5 6. d4 exd4 7. Qb3 {[%emt 0:00:03] C52: Evans Gambit Accepted: 5 c3 Ba5} Qe7 (7... Qf6 8. O-O d3 9. e5 Qg6 10. Ba3 Nge7 11. Rd1 O-O 12. Bxd3 Qh6 13. Nbd2 d5 14. exd6 cxd6 15. Ne4 d5 16. Bc1 Qg6 {0-1 (59) Short,N (2698)-Kasparov,G (2812) Leuven 2011}) 8. O-O Bb6 9. Ba3 d6 10. e5 Na5 11. Qa4+ Bd7 12. Bb5 Bxb5 13. Qxb5+ Qd7 14. Qd3 Ne7 $146 ({Predecessor:} 14... Nc6 15. exd6 cxd6 16. cxd4 {0-1 (52) Fischer,T (2027)-Stoica,V (1865) Worms 2013}) 15. exd6 cxd6 16. cxd4 O-O 17. Nc3 Qf5 18. Qe4 Qxe4 19. Nxe4 Nc4 20. Bxd6 Nxd6 21. Nxd6 Nc6 22. d5 Nb4 23. Rfd1 Rfd8 24. Nf5 g6 25. a3 Na6 26. Nh6+ Kg7 27. Ng4 Rd6 28. Re1 h5 29. Ne3 Bxe3 30. Rxe3 Rxd5 31. Re7 Rad8 32. h4 R8d7 33. Rae1 Kf6 34. Re8 Rd1 35. Rxd1 Rxd1+ 36. Kh2 Nc5 37. Ng5 Rd7 38. Ra8 b6 39. Rc8 Ne6 40. Rc6 Ke5 41. Nxe6 fxe6 42. Rc3 Rd4 43. g3 Ra4 44. Kg2 $19 Kd4 45. Rb3 e5 46. Kf3 Kc4 47. Re3 Kd5 48. Rb3 Ke6 49. Ke3 Kf5 50. Kf3 a5 51. Ke3 b5 52. Kf3 b4 53. axb4 Rxb4 54. Rc3 a4 55. Rc6 Rb3+ 56. Kg2 a3 57. Ra6 e4 58. Ra5+ Ke6 59. Ra6+ Kd5 60. Rxg6 a2 61. Ra6 Rb2 0-1

[Event "XIII Figueira da Foz Open 2019"]
[Site "Figueira da Foz"]
[Date "2019.11.03"]
[Round "9.15"]
[White "Silva, Mariana Sofia T."]
[Black "Barros Gutierrez, Angel Luis"]
[Result "1-0"]
[ECO "A04"]
[WhiteElo "1880"]
[BlackElo "2038"]
[Annotator "NA"]
[PlyCount "125"]
[EventDate "2019.10.27"]
[EventType "swiss"]
[EventCountry "POR"]
[SourceTitle "playchess.com"]
[Source "ChessBase"]
[SourceQuality "1"]
[TimeControl "40/5400+30:1800+30"]

1. Nf3 c5 2. c4 Nf6 3. g3 d5 4. cxd5 Nxd5 5. Bg2 g6 6. Nc3 Nxc3 7. bxc3 Bg7 8. O-O Nc6 9. Rb1 Qa5 10. Qb3 O-O 11. Bb2 {A34: Symmetrical English: 2 Nc3, lines with ...d5} (11. Qa3 Qxa3 12. Bxa3 b6 13. d4 Bf5 14. Rbc1 Na5 15. dxc5 Nc4 16. Bb4 a5 17. Nd4 Rac8 18. Nxf5 gxf5 19. cxb6 axb4 {½-½ (32) Akopian,V (2691)-Safarli,E (2660) Khanty-Mansiysk 2013}) 11... Rb8 12. d4 $146 ({Predecessor:} 12. c4 Nd4 13. Nxd4 cxd4 14. d3 Qh5 15. Ba3 Bf6 16. Qc2 Bh3 17. Rb5 Qg4 18. Bf3 Qe6 {1-0 (51) Orzechowski,J (2225)-Witwicki,P (1915) Polanica Zdroj 2012}) 12... b6 13. d5 Ne5 14. Nd2 b5 15. Ba3 Qc7 16. Ne4 c4 17. Qb4 f5 18. d6 exd6 19. Qxd6 Qa5 20. Bb4 Qb6 21. Qxb6 Rxb6 22. Bxf8 Kxf8 23. Ng5 h6 24. Nh3 Ng4 25. Rfd1 Ke7 26. Nf4 Be6 27. h3 Ne5 28. Nd5+ Bxd5 29. Rxd5 a6 30. a4 Nf7 31. axb5 Nd6 32. Rc5 axb5 33. Rc7+ Kf8 34. Rc6 Rxc6 35. Bxc6 Bxc3 36. Bxb5 Bd2 37. Ba4 Ne4 38. Bc2 c3 39. Rb8+ Ke7 40. Bxe4 fxe4 41. Rc8 Kd6 (41... Kd7 {was called for.} 42. Rc4 e3 43. fxe3 Bxe3+ 44. Kf1 Bd2) 42. Kf1 Kd5 43. e3 h5 44. Ke2 Ke5 45. Rc5+ Kf6 46. h4 Ke6 47. Rg5 Kf6 48. Kd1 Kf7 49. Re5 Kf6 50. Rxe4 g5 51. hxg5+ Kxg5 52. Rd4 Kf5 53. Rxd2 cxd2 54. Kxd2 Kg4 55. Ke2 Kf5 56. Kf3 Kg5 57. e4 Kf6 58. Kf4 Kg6 59. e5 Kh6 60. Kf5 Kg7 61. e6 Kf8 62. Kf6 Ke8 63. e7 1-0

[Event "XIII Figueira da Foz Open 2019"]
[Site "Figueira da Foz"]
[Date "2019.11.03"]
[Round "9.16"]
[White "Barrento, Jorge Maria Lopes"]
[Black "Goncalves, Lucas Jordao"]
[Result "0-1"]
[ECO "D00"]
[WhiteElo "1739"]
[BlackElo "1447"]
[Annotator "NA"]
[PlyCount "60"]
[EventDate "2019.10.27"]
[EventType "swiss"]
[EventCountry "POR"]
[SourceTitle "playchess.com"]
[Source "ChessBase"]
[SourceQuality "1"]
[TimeControl "40/5400+30:1800+30"]

1. d4 d5 2. e4 dxe4 3. Nc3 Nf6 4. f3 c6 5. fxe4 e5 6. dxe5 Qxd1+ 7. Kxd1 Ng4 8. Ke1 Nxe5 9. Nf3 Nxf3+ 10. gxf3 Bc5 11. Bc4 Bh3 12. Bf1 Bxf1 13. Kxf1 Nd7 14. Bf4 Bd4 15. Ne2 Be5 16. Be3 O-O-O 17. f4 Bxb2 18. Rb1 Ba3 19. Bxa7 Bc5 20. Bxc5 Nxc5 21. e5 Rd2 22. Rc1 Kc7 23. Ng3 Ra8 24. Nf5 Rxa2 25. Nxg7 Raxc2 26. Rxc2 Rxc2 27. Ne8+ Kd8 28. Nd6 Nd3 29. Nxf7+ Ke7 30. Ng5 Rc1+ 0-1

[Event "XIII Figueira da Foz Open 2019"]
[Site "Figueira da Foz"]
[Date "2019.11.03"]
[Round "9.17"]
[White "Dong, Rafael"]
[Black "Correia, Mario"]
[Result "0-1"]
[ECO "E62"]
[WhiteElo "1486"]
[BlackElo "2140"]
[Annotator "ChessBase"]
[PlyCount "116"]
[EventDate "2019.10.27"]
[EventType "swiss"]
[EventCountry "POR"]
[SourceTitle "playchess.com"]
[Source "ChessBase"]
[SourceQuality "1"]
[TimeControl "40/5400+30:1800+30"]

1. c4 Nf6 2. Nc3 g6 3. g3 Bg7 4. Bg2 O-O 5. Nf3 d6 6. d4 Nc6 7. O-O Bf5 8. d5 Na5 9. Nd2 c5 10. e4 Bc8 11. Qc2 a6 12. b3 b5 13. Bb2 Rb8 14. Rae1 bxc4 15. Nxc4 Nxc4 16. bxc4 Rb4 17. Qe2 Ng4 18. a3 Rb3 19. Rc1 Qb6 20. Rc2 Bd7 21. Na4 Bxa4 22. Bxg7 Kxg7 23. Qxg4 Rxa3 24. Rcc1 Rb8 25. h4 h5 26. Qe2 Qb2 27. Qxb2+ Rxb2 28. Rb1 Raa2 29. Rxb2 Rxb2 30. Ra1 Rb4 31. Bf1 a5 32. Kg2 Bc2 33. Kf3 Rb1 34. Ra2 Bxe4+ 35. Kxe4 Rxf1 36. Ke3 Re1+ 37. Kd2 Rf1 38. Ke3 Rb1 39. Rxa5 Rb4 40. Kd3 Kf6 41. Ra2 Rb3+ 42. Ke4 Rc3 43. Ra4 Kg7 44. Kf4 Kf6 45. Ke4 e6 46. f3 exd5+ 47. Kxd5 Rd3+ 48. Ke4 Rd4+ 49. Ke3 Kf5 50. Ke2 f6 51. Ke3 d5 52. Ra3 Rxc4 53. Rd3 Rc3 54. Rxc3 d4+ 55. Kd3 dxc3 56. Kxc3 Ke5 57. Kc4 Kd6 58. g4 Kc6 {[%emt 0:00:11] Kd4} 0-1

[Event "XIII Figueira da Foz Open 2019"]
[Site "Figueira da Foz"]
[Date "2019.11.03"]
[Round "9.18"]
[White "Heeren, Arnoldo"]
[Black "Dong, Fabio"]
[Result "1/2-1/2"]
[ECO "A06"]
[WhiteElo "1929"]
[BlackElo "1410"]
[Annotator "NA"]
[PlyCount "66"]
[EventDate "2019.10.27"]
[EventType "swiss"]
[EventCountry "POR"]
[SourceTitle "playchess.com"]
[Source "ChessBase"]
[SourceQuality "1"]
[TimeControl "40/5400+30:1800+30"]

1. Nf3 d5 2. g3 Nf6 3. Bg2 c6 4. d4 Bf5 5. O-O e6 6. Re1 Nbd7 7. a3 Be7 8. Nc3 Ne4 9. Nxe4 Bxe4 10. c3 O-O 11. Nd2 Bg6 12. e4 Rc8 13. e5 c5 14. Nf3 c4 15. Be3 Qb6 16. Qd2 Qb3 17. Rec1 Be4 18. Ne1 Bxg2 19. Kxg2 Rfd8 20. f4 f6 21. Nf3 Rf8 22. Rf1 fxe5 23. fxe5 Rf7 24. Rf2 Rcf8 25. Raf1 Qb6 26. Qc2 a5 27. Bg5 h6 28. Bc1 Rf5 29. h3 Qb3 30. Qe2 Qb6 31. Nh2 Rxf2+ 32. Rxf2 Rxf2+ 33. Qxf2 Qd8 1/2-1/2

[Event "XIII Figueira da Foz Open 2019"]
[Site "Figueira da Foz"]
[Date "2019.11.03"]
[Round "9.19"]
[White "Moes Joaquim, Carlos"]
[Black "Babo, Miguel"]
[Result "0-1"]
[ECO "A50"]
[WhiteElo "1400"]
[BlackElo "1827"]
[Annotator "NA"]
[PlyCount "90"]
[EventDate "2019.10.27"]
[EventType "swiss"]
[EventCountry "POR"]
[SourceTitle "playchess.com"]
[Source "ChessBase"]
[SourceQuality "1"]
[TimeControl "40/5400+30:1800+30"]

1. d4 b6 2. c4 Nf6 3. Nc3 Bb7 4. Bf4 e6 5. e3 d5 6. Nf3 Nbd7 7. h3 Be7 8. Nb5 O-O 9. Bxc7 Bb4+ 10. Nd2 Qc8 11. Bd6 Bxd6 12. Nxd6 Qb8 13. Nxb7 Qxb7 14. cxd5 Nxd5 15. Be2 Rac8 16. O-O Nb4 17. a3 Nd5 18. Qa4 Nb8 19. Ne4 Qe7 20. Rac1 Rc7 21. Rxc7 Qxc7 22. Qb3 Rc8 23. Bd3 h6 24. Bb1 g6 25. g3 Kg7 26. Nd2 Nd7 27. e4 N5f6 28. e5 Ne8 29. h4 h5 30. Qe3 Qc6 31. Be4 Qb5 32. b4 a5 33. bxa5 Qxa5 34. Rb1 Rc3 35. Qg5 Rc7 36. g4 hxg4 37. h5 Nf8 38. h6+ Kh7 39. Nf1 f6 40. Qh4 f5 41. Bg2 Qxa3 42. Rxb6 Qa7 43. Rb4 Rf7 44. Qd8 Qe7 45. Qb8 Kxh6 0-1